AoeStats
← Obelix

Arena

507818166Analyzed
1v1 RM · 13d ago on Sep 19, 2026· 59m 41s· 2 players
Game mode
Random Map
Map size
Tiny (2 player)
Population
200
Speed
Normal
Resources
Standard
Victory
Conquest
Starting age
Dark Age
Ending age
Imperial Age
RankedLock teamsTeams togetherTeam positionsShared explorationLock speedFull tech treeHidden civsTurbo modeCheats
Victory
Defeat
🇦🇺 Bengalis · Australia
707
+39
🇫🇷 Franks · France
732
-41
Obelix
3:26 Loom
10:38 Feudal Age
13:23 Fletching
20:50 Castle Age
19:23 Double-Bit Axe
19:21 Horse Collar
19:34 Stone Mining
19:52 Gold Mining
20:26 Padded Archer Armor
21:14 Bloodlines
21:07 Scale Mail Armor
22:53 Husbandry
23:06 Forging
25:55 Gold Shaft Mining
27:02 Bow Saw
26:51 Crossbowman
30:12 Heavy Plow
36:31 Imperial Age
35:04 Murder Holes
35:20 Fortified Wall
35:25 Bodkin Arrow
35:46 Leather Archer Armor
36:07 Iron Casting
35:38 Scale Barding Armor
35:49 Chain Mail Armor
36:25 Wheelbarrow
35:36 Town Watch
37:35 Conscription
36:50 Siege Elephant
37:36 Bracer
38:49 Two-Man Saw
39:39 Chemistry
39:04 Elite Battle Elephant
40:35 Ballistics
40:28 Masonry
40:58 Treadmill Crane
44:31 Ring Archer Armor
45:02 Blast Furnace
44:23 Chain Barding Armor
44:08 Pikeman
44:49 Squires
45:33 Elite Ratha (Ranged)
47:22 Halberdier
49:28 Plate Barding Armor
adrienclocheret
5:46 Loom
10:30 Feudal Age
11:21 Double-Bit Axe
14:36 Wheelbarrow
20:27 Castle Age
19:34 Scale Barding Armor
26:35 Hand Cart
28:45 Husbandry
28:48 Gold Mining
28:48 Stone Mining
34:56 Gold Shaft Mining
39:30 Imperial Age
37:59 Ballistics
37:31 Guard Tower
37:54 Masonry
37:59 Fortified Wall
37:45 Murder Holes
38:25 Sanctity
39:02 Chain Barding Armor
39:59 Cavalier
42:35 Paladin
47:22 Plate Barding Armor
53:57 Heavy Scorpion
Connection lost

Rejoining the realm…

Still unreachable

The connection could not be restored.

Session expired

The server has moved on; the page needs a fresh start.